 Dungeon Crawl Stone Soup version 0.29-a0-1052-g6990b1bffc (webtiles) character file.

Game seed: 9467854408752027466

38 Lekart the Trooper (level 3, -1/31 HPs)
             Began as a Draconian Fighter on July 11, 2022.
             Was an Initiate of Gozag.
             Slain by an endoplasm (3 damage)
             ... on level 2 of the Dungeon on Aug 17, 2022.
             The game lasted 00:03:56 (1437 turns).

Lekart the Trooper (Draconian Fighter)              Turns: 1437, Time: 00:03:57

Health: -1/31      AC:  5    Str: 26    XL:     3   Next: 25%
Magic:  3/3        EV: 12    Int:  8    God:    Gozag
Gold:   121        SH:  4    Dex: 10    Spells: 2/2 levels left

rFire   . . .      SeeInvis .   a - +0 long sword
rCold   . . .      Faith    .   b - +0 buckler
rNeg    . . .      Spirit   .   (body armour unavailable)
rPois   .          Reflect  .   (helmet restricted)
rElec   .          Harm     .   (no cloak)
rCorr   .          Rampage  .   (no gloves)
Will    .....                   (no boots)
Stlth   +.........              g - amulet of the acrobat
HPRegen 0.10/turn               o - +6 ring of strength
MPRegen 0.08/turn               (no ring)

@: mighty, brilliant, gold aura, hasted, very quick
A: AC +5, unfitting armour, cold-blooded, stinger 1
a: Renounce Religion, Potion Petition, Call Merchant, Bribe Branch


You were on level 2 of the Dungeon.
You worshipped Gozag.
Gozag was aware of your devotion.
You visited 1 branch of the dungeon, and saw 2 of its levels.

You collected 121 gold pieces.

Inventory:

Hand Weapons
 a - a +0 long sword (weapon)
Armour
 b - a +0 buckler (worn)
Jewellery
 g - an amulet of the acrobat (around neck)
 o - a +6 ring of strength (left hand)
Scrolls
 e - a scroll of noise {unknown}
 h - a scroll of fear {unknown}
 i - a scroll of enchant armour {unknown}
 j - a scroll of vulnerability {unknown}
 k - a scroll of acquirement {unknown}
 n - a scroll of teleportation {unknown}
Potions
 m - 2 potions of heal wounds {unknown}


   Skills:
 + Level 3.6 Fighting
 + Level 2.7 Long Blades
 + Level 3.0 Dodging
 + Level 0.1 Stealth
 + Level 3.2 Shields


You had 2 spell levels left.
You didn't know any spells.
Your spell library was empty.

Dungeon Overview and Level Annotations

Branches:
Dungeon (2/15)

Altars:
Gozag

Annotations:
D:2 Natasha, Robin


Innate Abilities, Weirdness & Mutations

Your plain brown scales are hard. (AC +5)
You cannot fit into any form of body armour.
You are cold-blooded and may be slowed by cold attacks.
Your tail ends in a venomous barb.


Message History

The goblin is no longer distracted by gold.
You block the goblin's attack. The goblin barely misses you. x2
The goblin hits you but does no damage.
You slash the goblin!
You kill the goblin!
The goblin hits you with a +0 club. The goblin barely misses you.
You block the goblin's attack.
You slash the goblin!
You kill the goblin!
Robin throws the goblin at you! The goblin hits you with a +0 club. x2
The goblin misses you.
Robin roars a battlecry!
The goblin goes into a battle-frenzy!
The goblin completely misses you. The endoplasm freezes you.
You are frozen.
* * * LOW HITPOINT WARNING * * *
The goblin is distracted by your dazzling golden aura.
The goblin hits you with a +0 club.
* * * LOW HITPOINT WARNING * * *
The goblin shouts!
It was a potion of brilliance.
You feel clever all of a sudden.
The endoplasm hits you but does no damage.
The goblin barely misses you. You block the goblin's attack.
It was a potion of mutation.
You feel extremely strange.
A venomous barb forms on the end of your tail.
The goblin is no longer distracted by gold.
The goblin closely misses you. The endoplasm freezes you.
You are frozen.
* * * LOW HITPOINT WARNING * * *
You feel yourself slow down. The goblin hits you but does no damage.
The goblin barely misses you.
It was a potion of haste.
You feel yourself speed up.
You feel yourself speed up.
Natasha, Servant of Life and Death comes into view.
She is carrying a wand of flame (25).
The endoplasm hits you.
You die...
Your body crumbles into a pile of gold. h... ... #..# ... #..# #.# #g.# #.# #gg# #.# ### #gg

#.# #.. #g# #.# #.#
.#####@#####.### #.#
#.....Jgg.#.....#
#.#
..###.#.#.#.###.##
#.# #.....>.#
#..#####.#
#.#.#.#.###.#......#
#.....#.......######
###.#............###
#.#.###..<#.......
............##.###


You could see Robin, Natasha (wandering), an endoplasm, a hobgoblin (strong) and
6 goblins.

Vanquished Creatures
  A worm (D:2)
  5 bats (D:1)
  5 endoplasms (D:1)
  4 goblins (D:2)
  3 hobgoblins
  6 jackals (D:1)
  A quokka (D:2)
  A ball python (D:1)
  A frilled lizard (D:2)
  2 kobolds (D:1)
29 creatures vanquished.

Notes
Turn   | Place    | Note
-------+----------+-------------------------------------------
     0 | D:1      | Lekart the Draconian Fighter began the quest for the Orb.
     0 | D:1      | Reached XP level 1. HP: 19/19 MP: 1/1
    73 | D:1      | Upgraded the game from 0.29-a0-825-g72347fce65 to
                  | 0.29-a0-830-gcb1280458a
    76 | D:1      | Reached XP level 2. HP: 20/26 MP: 2/2
    76 | D:1      | Upgraded the game from 0.29-a0-830-gcb1280458a to
                  | 0.29-a0-1052-g6990b1bffc
   403 | D:1      | Found a faded altar of an unknown god.
   547 | D:1      | Prayed at the altar of an unknown god.
   547 | D:1      | Became a worshipper of Gozag Ym Sagoz the Greedy
  1201 | D:2      | Reached XP level 3. HP: 30/31 MP: 3/3
  1424 | D:2      | Noticed Robin
  1436 | D:2      | Gained mutation: Your tail ends in a venomous barb. [potion
                  | of mutation]
  1437 | D:2      | Noticed Natasha
  1437 | D:2      | Slain by an endoplasm

Illustrated notes

Levels and vault maps discovered:
D:1:      erik_arrival_triangle_small, layout_basic,
          nicolae_ecumenical_snake_handling
D:2:      layout_loops_ring, uniq_robin, uniq_natasha

Skill      XL: |  1  2 |
---------------+-------+-----
Dodging        | 3 |  3.0
Fighting       | |  3.6
Long Blades    | |  2.7
Stealth        | |  0.1
Shields        | |  3.2

Action                   || total
-------------------------++-------
Melee: Long sword        ||   102
       Tailslap          ||     8
  Use: Potion            ||     4
 Stab: Sleeping          ||     1
Armor: Skin              ||    42
Dodge: Dodged            ||    81
Block: Buckler           ||    22

Table legend: (Time is in decaauts)
 A = Elapsed time spent in this place.
 B = Non-inter-level travel time spent in this place.
 C = Inter-level travel time spent in this place.
 D = Time resting spent in this place.
 E = Time spent auto-exploring this place.
 F = Levels seen in this place.
 G = Mean time per level.
                   A        B        C        D        E       F      G
               +--------+--------+--------+--------+--------+-----+--------+
         Total |   1475 |   1450 |     25 |      0 |   1196 |   2 |  737.5 |
       Dungeon |   1475 |   1450 |     25 |      0 |   1196 |   2 |  737.5 |
               +--------+--------+--------+--------+--------+-----+--------+

Top non-repeatable levels by time:
     D:1: 1219 daAuts
     D:2: 256 daAuts
